 Dungeon Crawl Stone Soup version 0.31.0 (webtiles) character file.

Game seed: 13066405480023185707

22924 qw the Marksgargoyle (level 13, -6/84 HPs)
             Began as a Gargoyle Hunter on Jan 19, 2024.
             Was a High Priest of Okawaru.
             Mangled by a death yak (19 damage)
             ... on level 4 of the Lair of Beasts.
             The game lasted 00:03:43 (37099 turns).

qw the Marksgargoyle (Gargoyle Hunter)             Turns: 37099, Time: 00:03:43

Health: -6/84      AC: 25    Str: 17    XL:     13   Next: 3%
Magic:  17/20      EV: 18    Int:  9    God:    Okawaru [*****.]
Gold:   511        SH:  0    Dex: 17    Spells: 12/12 levels left

rFire   + . .        v - +0 orcbow
rCold   . . .        (shield currently unavailable)
rNeg    + . .        k - +2 ring mail {rF+}
rPois   inf          j - +2 hat {Will+}
rElec   +            e - +1 cloak
rCorr   .            n - +2 pair of gloves
SInv    .            (no boots)
Will    ++...        (no amulet)
Stlth   +            f - +5 ring of evasion
HPRegen 0.34/turn    b - ring of willpower
MPRegen 0.17/turn

%: no passive effects
@: finesse-ful
A: sickness immunity, AC +9, negative energy resistance 1, electricity
resistance, torment resistance 1, petrification resistance
a: Renounce Religion, Heroism, Finesse, Duel


You were on level 4 of the Lair of Beasts.
You worshipped Okawaru.
Okawaru was extremely pleased with you.
You visited 3 branches of the dungeon, and saw 14 of its levels.

You collected 671 gold pieces.
You spent 160 gold pieces at shops.


Innate Abilities, Weirdness & Mutations

You are immune to sickness and miasma.
Your stone body is resilient. (AC +9)
You are immune to poison.
You resist negative energy. (rN+)
You are resistant to electric shocks. (rElec)
You are resistant to unholy torment.
You are immune to petrification.


   Skills:
 - Level 10.8 Fighting
 + Level 15.3 Ranged Weapons
 - Level 5.0 Armour
 - Level 5.7 Dodging
 - Level 1.1 Stealth
 - Level 10.0 Invocations


You had 12 spell levels left.
You didn't know any spells.
Your spell library was empty.

Inventory:

Hand Weapons
 v - a +0 orcbow (weapon)
Armour
 e - a +1 cloak (worn)
 i - a +2 helmet
 j - a +2 hat of willpower (worn)
 k - a +2 ring mail of fire resistance (worn)
 n - a +2 pair of gloves (worn)
 o - the +0 ring mail of the Furrier {*Slow Regen+ Int+2 Slay+2}
   (You found it on level 1 of the Lair of Beasts)

   Int+2:     It affects your intelligence (+2).
   Slay+2:    It affects your accuracy & damage with ranged weapons and melee
   (+2).
   Regen+:    It increases your rate of health regeneration.
   *Slow:     It may slow you when you take damage.
Jewellery
 b - a ring of willpower (right hand)
 f - a +5 ring of evasion (left hand)
 l - a +6 ring of strength
Wands
 c - a wand of polymorph (13)
 h - a wand of charming (5)
 r - a wand of roots (6)
Scrolls
 s - 3 scrolls of identify
 u - 3 scrolls of teleportation
Potions
 a - a potion of heal wounds
 d - 4 potions of curing
 g - 2 potions of resistance
 m - a potion of cancellation
 p - 2 potions of might
 q - 2 potions of enlightenment
 t - a potion of mutation

Dungeon Overview and Level Annotations

Branches:
Dungeon (9/15)             Temple (1/1) D:6            Lair (4/5) D:9
  Swamp (0/4) Lair:3       Spider (0/4) Lair:3          Orc (0/2) D:9
  Slime: Lair:4-5

Altars:
Ashenzari
Cheibriados
Dithmenos
Elyvilon
Fedhas
Gozag
Hepliaklqana
Kikubaaqudgha
Makhleb
Nemelex Xobeh
Okawaru
Qazlal
Sif Muna
Trog
Uskayaw
Vehumet
Wu Jian
Xom
Yredelemnul
Zin
The Shining One

Shops:
D:3 *

Annotations:
D:6 1 runed translucent door, Crazy Yiuf


Message History

The arrow hits the death yak but does no damage.
The death yak is moderately wounded.
You shoot an arrow.
The arrow hits the death yak but does no damage.
The death yak is moderately wounded.
You shoot an arrow. The arrow hits the death yak.
The death yak is moderately wounded.
The death yak gores you but does no damage. x2
You shoot an arrow. The arrow hits the death yak!
The death yak is heavily wounded.
You shoot an arrow.
The arrow hits the death yak but does no damage.
The death yak is heavily wounded.
The death yak gores you but does no damage.
The death yak misses you.
You shoot an arrow. The arrow hits the death yak.
The death yak is heavily wounded.
You shoot an arrow. The arrow hits the death yak!
The death yak is severely wounded.
You shoot an arrow.
The arrow hits the death yak but does no damage.
The death yak is severely wounded.
The death yak closely misses you. The death yak misses you.
You shoot an arrow. The arrow barely misses the death yak.
You shoot an arrow.
The arrow hits the death yak but does no damage.
The death yak is severely wounded.
The death yak closely misses you.
The death yak gores you but does no damage.
You shoot an arrow. The arrow hits the death yak.
The death yak is severely wounded.
You shoot an arrow. The arrow hits the death yak.
The death yak is almost dead.
You shoot an arrow. The arrow barely misses the death yak.
The death yak gores you. The death yak misses you.
You shoot an arrow. The arrow hits the death yak.
The death yak is almost dead.
You shoot an arrow. The arrow barely misses the death yak.
The death yak gores you! The death yak gores you!!
You die...

#### #####..##
#.#.....### ..
##......#@##...
##.......Y#Y.$#.
#.................
##...............
###.......#####..
#...<..#### .
#P...<..P#
#.........#
##...........


You could see 2 death yaks.

Vanquished Creatures
  Gastronok (D:9)
  4 hydras
  A two-headed ogre (D:8)
  A death yak (Lair:4)
  An orb spider (Lair:3)
  An oklob plant (Lair:3)
  2 elephants (D:9)
  5 cane toads
  A komodo dragon (Lair:3)
  A polar bear (Lair:2)
  16 blink frogs
  2 tyrant leeches (Lair:3)
  2 raiju (D:7)
  24 yaks
  2 basilisks
  A steam dragon (Lair:1)
  2 swamp worms (Lair:3)
  Duvessa (D:5)
  9 water moccasins
  5 black bears
  8 orc warriors
  An ice beast (D:6)
  An ogre (D:6)
  11 wolves
  A kobold brigand (D:9)
  Blork the orc (D:5)
  7 bullfrogs
  A gnoll sergeant (D:9)
  5 scorpions
  17 wights
  Dowan (D:5)
  16 killer bees
  A howler monkey (D:5)
  4 electric eels (D:7)
  A bombardier beetle (D:6)
  3 orc priests (D:9)
  3 hounds
  A jelly (D:5)
  2 sleepcaps (D:6)
  10 orc wizards
  3 iguanas
  Robin (D:3)
  13 gnolls
  3 adders
  2 shadow imps
  2 ufetubi (D:6)
  2 ribbon worms
  4 dart slugs
  29 orcs
  9 ball pythons
  5 bats
  3 endoplasms
  2 giant cockroaches
  19 goblins
  10 hobgoblins
  13 jackals
  16 kobolds
  6 quokkas
  2 frilled lizards (D:2)
  3 rats
324 creatures vanquished.

Notes
Turn   | Place    | Note
-------+----------+-------------------------------------------
     0 | D:1      | qw the Gargoyle Hunter began the quest for the Orb.
     0 | D:1      | Reached XP level 1. HP: 12/12 MP: 1/1
     0 | D:1      | 0 ||| qw: Version: 0.3-a-132-g3d54051
     0 | D:1      | 0 ||| qw: Game counter: 268
     0 | D:1      | 0 ||| qw: Melee chars always use a shield: true
     0 | D:1      | 0 ||| qw: God list: Okawaru
     0 | D:1      | 0 ||| qw: Allow faded altars: false
     0 | D:1      | 0 ||| qw: Do Orc after clearing Dungeon:15 true
     0 | D:1      | 0 ||| qw: Do second Lair branch before Depths: true
     0 | D:1      | 0 ||| qw: Lair rune preference: random
     0 | D:1      | 0 ||| qw: Goals: Normal
     0 | D:1      | 0 ||| PLANNING D:1-11
   137 | D:1      | Reached XP level 2. HP: 7/17 MP: 2/2
   450 | D:1      | Reached XP level 3. HP: 16/21 MP: 3/3
   569 | D:1      | Found a faded altar of an unknown god.
   616 | D:1      | Reached skill level 5 in Ranged Weapons
   764 | D:1      | 764 ||| READING scroll labelled BUCSUS IFIA.
   765 | D:1      | 765 ||| DROPPING scroll of butterflies.
   793 | D:2      | 793 ||| STAIRDANCE
  1016 | D:2      | Reached skill level 3 in Fighting
  1016 | D:2      | Reached XP level 4. HP: 22/28 MP: 4/4
  1024 | D:2      | 1024 ||| FLEEEEING.
  1155 | D:2      | Identified the +8 spear "Zaxaom" {freeze, Int+5 Dex+3}
  1400 | D:2      | 1400 ||| FLEEEEING.
  1576 | D:2      | 1576 ||| UPGRADING to +5 ring of evasion.
  1577 | D:2      | 1577 ||| READING scroll labelled LUGOM LEHOCRICSO.
  1577 | D:2      | 1577 ||| BRANDING +0 shortbow.
  1578 | D:2      | 1578 ||| READING scroll labelled YPUODEHAUSI.
  1579 | D:2      | 1579 ||| READING scroll labelled ULOLLAT DIUGH.
  1580 | D:2      | 1580 ||| FLEEEEING.
  1584 | D:2      | 1584 ||| READING scroll labelled VOFAEL UMETOA.
  1584 | D:2      | Identified a scroll of acquirement
  1584 | D:2      | 1584 ||| ACQUIRING ring of willpower
  1584 | D:2      | Acquired a ring of willpower
  1586 | D:2      | 1586 ||| UPGRADING to ring of willpower.
  1782 | D:3      | Reached XP level 5. HP: 32/32 MP: 5/5
  1887 | D:3      | Noticed Robin
  1896 | D:3      | Killed Robin
  1897 | D:3      | Reached skill level 6 in Ranged Weapons
  2093 | D:3      | Noticed an orc warrior
  2107 | D:3      | 2107 ||| FLEEEEING.
  2168 | D:3      | 2168 ||| FLEEEEING.
  2169 | D:3      | 2169 ||| FLEEEEING.
  2170 | D:3      | 2170 ||| FLEEEEING.
  2171 | D:3      | 2171 ||| FLEEEEING.
  2172 | D:3      | 2172 ||| FLEEEEING.
  2173 | D:3      | 2173 ||| FLEEEEING.
  2174 | D:3      | 2174 ||| FLEEEEING.
  2175 | D:3      | 2175 ||| FLEEEEING.
  2176 | D:3      | 2176 ||| FLEEEEING.
  2177 | D:3      | 2177 ||| FLEEEEING.
  2256 | D:3      | Found Base's General Store.
  2264 | D:3      | 2264 ||| BUYING +1 ring mail of fire resistance (160 gold).
  2264 | D:3      | Bought a +1 ring mail of fire resistance for 160 gold
                  | pieces
  2264 | D:3      | 2264 ||| SHOPLISTING wand of charming (2) (48 gold, have
                  | 22).
  2264 | D:3      | 2264 ||| SHOPLISTING wand of light (5) (210 gold, have 22).
  2547 | D:3      | 2547 ||| FLEEEEING.
  2548 | D:3      | 2548 ||| FLEEEEING.
  2549 | D:3      | 2549 ||| FLEEEEING.
  2550 | D:3      | 2550 ||| FLEEEEING.
  2551 | D:3      | 2551 ||| FLEEEEING.
  2755 | D:3      | 2755 ||| UPGRADING to +0 helmet.
  2760 | D:3      | 2760 ||| UPGRADING to +2 robe of cold resistance.
  2770 | D:3      | 2770 ||| DROPPING +0 leather armour.
  2771 | D:3      | 2771 ||| UPGRADING to +1 ring mail of fire resistance.
  2781 | D:3      | 2781 ||| READING 3 scrolls labelled TUANEEXEHE.
  2781 | D:3      | 2781 ||| IDENTIFYING bubbling red potion
  2782 | D:3      | 2782 ||| READING 2 scrolls of identify.
  2782 | D:3      | 2782 ||| IDENTIFYING lumpy clear potion
  2783 | D:3      | 2783 ||| READING scroll of identify.
  2783 | D:3      | 2783 ||| IDENTIFYING fizzy pink potion
  2784 | D:3      | 2784 ||| READING scroll labelled HUFEFUY HONINU.
  2785 | D:3      | 2785 ||| READING scroll labelled OCUATI ZIECAXT.
  2785 | D:3      | 2785 ||| ENCHANTING +0 helmet.
  2786 | D:3      | 2786 ||| READING scroll labelled YBREPR OTIR.
  2786 | D:3      | 2786 ||| ENCHANTING +0 shortbow of flaming.
  2787 | D:3      | 2787 ||| DROPPING potion of invisibility.
  2788 | D:3      | 2788 ||| DROPPING potion of brilliance.
  2817 | D:4      | Reached XP level 6. HP: 38/38 MP: 6/6
  2837 | D:4      | Reached skill level 1 in Armour
  2840 | D:4      | 2840 ||| FLEEEEING.
  2841 | D:4      | 2841 ||| FLEEEEING.
  2842 | D:4      | 2842 ||| STAIRDANCE
  2860 | D:4      | 2860 ||| STAIRDANCE
  3104 | D:4      | 3104 ||| FLEEEEING.
  3230 | D:4      | Noticed a water moccasin
  3239 | D:4      | Killed a water moccasin
  3240 | D:4      | Reached skill level 7 in Ranged Weapons
  3240 | D:4      | Reached XP level 7. HP: 28/43 MP: 7/7
  3749 | D:4      | Found a shimmering altar of Xom.
  3750 | D:4      | 3750 ||| UPGRADING to +0 cloak.
  3757 | D:4      | 3757 ||| READING 2 scrolls of identify.
  3757 | D:4      | 3757 ||| IDENTIFYING sapphire potion
  3758 | D:4      | 3758 ||| READING scroll of identify.
  3758 | D:4      | 3758 ||| IDENTIFYING cyan potion
  3761 | D:4      | 3761 ||| READING 3 scrolls labelled TIHOLY WUHYTIQ.
  3762 | D:4      | 3762 ||| READING scroll labelled ICUAKE FUNU.
  3763 | D:4      | 3763 ||| READING scroll labelled OGAEVOC JUIFEO.
  3764 | D:4      | 3764 ||| READING scroll labelled NAJONN UNACRI.
  3765 | D:4      | 3765 ||| FLEEEEING.
  3773 | D:4      | 3773 ||| STAIRDANCE
  3795 | D:3      | 3795 ||| DRINKING 2 coppery potions.
  3796 | D:3      | 3796 ||| DROPPING 2 scrolls of immolation.
  3797 | D:3      | 3797 ||| DROPPING potion of degeneration.
  3818 | D:5      | Entered Level 5 of the Dungeon
  3998 | D:5      | Reached skill level 8 in Ranged Weapons
  4070 | D:5      | You fall into a shaft and drop 1 floor!
  4090 | D:6      | 4090 ||| READING scroll of enchant armour.
  4090 | D:6      | 4090 ||| ENCHANTING +1 helmet.
  4118 | D:6      | 4118 ||| FLEEEEING.
  4127 | D:6      | 4127 ||| STAIRDANCE
  4184 | D:5      | Noticed Duvessa
  4184 | D:5      | Noticed Dowan
  4198 | D:5      | Killed Duvessa
  4199 | D:5      | Reached XP level 8. HP: 36/49 MP: 8/8
  4212 | D:5      | Killed Dowan
  4213 | D:5      | 4213 ||| FLEEEEING.
  4270 | D:5      | Reached skill level 9 in Ranged Weapons
  4350 | D:5      | Noticed Blork the orc
  4361 | D:5      | Killed Blork the orc
  4383 | D:5      | Reached skill level 6 in Fighting
  4542 | D:5      | 4542 ||| READING 2 scrolls of identify.
  4542 | D:5      | 4542 ||| IDENTIFYING purple potion
  4543 | D:5      | 4543 ||| READING scroll of identify.
  4543 | D:5      | 4543 ||| IDENTIFYING glowing ruby potion
  4544 | D:5      | 4544 ||| READING scroll labelled SIENEX CAENAO.
  4545 | D:5      | 4545 ||| DRINKING 2 yellow potions.
  4592 | D:6      | Identified the +7 hand axe of Disarray {venom, *Slow Str+3
                  | Dex+5}
  4629 | D:6      | Found a runed translucent door.
  4630 | D:6      | Noticed Crazy Yiuf
  4642 | D:6      | 4642 ||| RETREEEEATING.
  4643 | D:6      | 4643 ||| RETREEEEATING.
  4644 | D:6      | 4644 ||| RETREEEEATING.
  4646 | D:6      | 4646 ||| RETREEEEATING.
  4648 | D:6      | 4648 ||| RETREEEEATING.
  4649 | D:6      | 4649 ||| RETREEEEATING.
  4650 | D:6      | 4650 ||| RETREEEEATING.
  4688 | D:6      | 4688 ||| FLEEEEING.
  4775 | D:6      | 4775 ||| READING scroll of enchant weapon.
  4775 | D:6      | 4775 ||| ENCHANTING +1 shortbow of flaming.
  4798 | D:6      | Reached skill level 10 in Ranged Weapons
  4798 | D:6      | Reached XP level 9. HP: 56/56 MP: 9/9
  4815 | D:6      | Found a staircase to the Ecumenical Temple.
  4816 | D:6      | 4816 ||| PLANNING TEMPLE
  4898 | D:6      | Reached skill level 3 in Armour
  5121 | D:6      | 5121 ||| READING scroll of identify.
  5121 | D:6      | 5121 ||| IDENTIFYING orange potion
  5122 | D:6      | 5122 ||| DROPPING wand of flame (10).
 29609 | D:6      | Glimpsed the power of Zot.
 30100 | D:6      | Glimpsed the power of Zot.
 30109 | Temple   | Entered the Ecumenical Temple
 30110 | Temple   | 30110 ||| PLANNING D:1-11
 30225 | D:7      | Found a flagged portal.
 30257 | D:7      | 30257 ||| FLEEEEING.
 30268 | D:7      | 30268 ||| FLEEEEING.
 30279 | D:7      | 30279 ||| FLEEEEING.
 30280 | D:7      | 30280 ||| STAIRDANCE
 30498 | D:7      | Found an opulent altar of Gozag.
 30548 | D:7      | 30548 ||| FLEEEEING.
 30550 | D:7      | 30550 ||| STAIRDANCE
 30809 | D:7      | 30809 ||| FLEEEEING.
 30945 | D:7      | 30945 ||| FLEEEEING.
 31039 | D:7      | 31039 ||| RETREEEEATING.
 31056 | D:7      | Reached skill level 11 in Ranged Weapons
 31056 | D:7      | 31056 ||| FLEEEEING.
 31057 | D:7      | 31057 ||| FLEEEEING.
 31058 | D:7      | 31058 ||| FLEEEEING.
 31059 | D:7      | 31059 ||| FLEEEEING.
 31060 | D:7      | 31060 ||| FLEEEEING.
 31154 | D:7      | 31154 ||| FLEEEEING.
 31158 | D:7      | 31158 ||| FLEEEEING.
 31201 | D:7      | 31201 ||| FLEEEEING.
 31207 | D:7      | Reached skill level 3 in Dodging
 31216 | D:7      | 31216 ||| FLEEEEING.
 31217 | D:7      | 31217 ||| FLEEEEING.
 31218 | D:7      | 31218 ||| FLEEEEING.
 31349 | D:7      | Found a basalt altar of Yredelemnul.
 31350 | D:7      | Found an iron altar of Okawaru.
 31351 | D:7      | 31351 ||| PLANNING OKAWARU WORSHIP
 31351 | D:7      | 31351 ||| UPGRADING to +2 pair of gloves.
 31362 | D:7      | Became a worshipper of Warmaster Okawaru
 31363 | D:7      | 31363 ||| PLANNING D:1-11
 31595 | D:8      | 31595 ||| READING scroll of brand weapon.
 31595 | D:8      | 31595 ||| BRANDING +2 shortbow of flaming.
 31696 | D:8      | 31696 ||| FLEEEEING.
 31734 | D:8      | Noticed a two-headed ogre
 31735 | D:8      | 31735 ||| DRINKING potion of haste.
 31745 | D:8      | Killed a two-headed ogre
 31745 | D:8      | Reached * piety under Okawaru
 31746 | D:8      | Reached skill level 9 in Fighting
 31746 | D:8      | Reached XP level 10. HP: 47/66 MP: 10/10
 31880 | D:8      | Reached skill level 1 in Invocations
 31882 | D:8      | 31882 ||| FLEEEEING.
 32094 | D:8      | 32094 ||| DROPPING +2 robe of cold resistance.
 32095 | D:8      | 32095 ||| UPGRADING to +2 leather armour of cold
                  | resistance.
 32105 | D:8      | 32105 ||| DROPPING ring of magical power.
 32135 | D:9      | 32135 ||| RETREEEEATING.
 32137 | D:9      | 32137 ||| RETREEEEATING.
 32150 | D:9      | 32150 ||| RETREEEEATING.
 32155 | D:9      | Reached ** piety under Okawaru
 32158 | D:9      | 32158 ||| FLEEEEING.
 32159 | D:9      | 32159 ||| FLEEEEING.
 32160 | D:9      | 32160 ||| FLEEEEING.
 32161 | D:9      | 32161 ||| FLEEEEING.
 32162 | D:9      | 32162 ||| FLEEEEING.
 32163 | D:9      | 32163 ||| STAIRDANCE
 32259 | D:9      | 32259 ||| RETREEEEATING.
 32260 | D:9      | 32260 ||| RETREEEEATING.
 32283 | D:9      | 32283 ||| FLEEEEING.
 32287 | D:9      | 32287 ||| STAIRDANCE
 32355 | D:9      | Noticed an elephant
 32356 | D:9      | 32356 ||| INVOKING Heroism.
 32362 | D:9      | 32362 ||| RETREEEEATING.
 32370 | D:9      | Killed an elephant
 32371 | D:9      | Reached skill level 3 in Invocations
 32383 | D:9      | 32383 ||| FLEEEEING.
 32402 | D:9      | 32402 ||| FLEEEEING.
 32449 | D:9      | Reached skill level 12 in Ranged Weapons
 32610 | D:9      | Reached *** piety under Okawaru
 32620 | D:9      | Noticed Gastronok
 32621 | D:9      | 32621 ||| INVOKING Heroism.
 32641 | D:9      | Killed Gastronok
 32642 | D:9      | Reached XP level 11. HP: 71/71 MP: 14/14
 32642 | D:9      | 32642 ||| FLEEEEING.
 32986 | D:9      | 32986 ||| FLEEEEING.
 33101 | D:9      | 33101 ||| RETREEEEATING.
 33134 | D:9      | HP: 8/71 [orc warrior/+0 short sword (11)]
 33135 | D:9      | 33135 ||| READING scroll of teleportation.
 33136 | D:9      | 33136 ||| DRINKING potion of heal wounds.
 33141 | D:9      | 33141 ||| FLEEEEING.
 33281 | D:9      | Found a staircase to the Lair.
 33301 | D:9      | Reached **** piety under Okawaru
 33302 | D:9      | 33302 ||| FLEEEEING.
 33311 | D:9      | 33311 ||| STAIRDANCE
 33389 | D:8      | 33389 ||| UPGRADING to +2 hat of willpower.
 33492 | D:9      | Found a staircase to the Orcish Mines.
 33498 | D:9      | 33498 ||| PLANNING LAIR
 33498 | D:9      | 33498 ||| UPGRADING to +2 ring mail of fire resistance.
 33508 | D:9      | 33508 ||| DROPPING +1 ring mail of fire resistance.
 33561 | Lair:1   | Entered Level 1 of the Lair of Beasts
 33623 | Lair:1   | 33623 ||| RETREEEEATING.
 33631 | Lair:1   | 33631 ||| RETREEEEATING.
 33643 | Lair:1   | Reached skill level 13 in Ranged Weapons
 33652 | Lair:1   | 33652 ||| FLEEEEING.
 33759 | Lair:1   | Identified the +0 ring mail of the Furrier {*Slow Regen+
                  | Int+2 Slay+2}
 33789 | Lair:1   | Identified the +5 war axe "Hydraslayer" {elec, rPois rF+
                  | Str-5 Int+7}
 33798 | Lair:1   | 33798 ||| READING scroll of enchant armour.
 33798 | Lair:1   | 33798 ||| ENCHANTING +0 cloak.
 33859 | Lair:1   | 33859 ||| RETREEEEATING.
 33861 | Lair:1   | 33861 ||| RETREEEEATING.
 33864 | Lair:1   | 33864 ||| RETREEEEATING.
 33869 | Lair:1   | 33869 ||| RETREEEEATING.
 33870 | Lair:1   | 33870 ||| RETREEEEATING.
 33870 | Lair:1   | Found a blossoming altar of Fedhas.
 33871 | Lair:1   | 33871 ||| RETREEEEATING.
 33872 | Lair:1   | 33872 ||| RETREEEEATING.
 33873 | Lair:1   | 33873 ||| RETREEEEATING.
 33882 | Lair:1   | 33882 ||| RETREEEEATING.
 33895 | Lair:1   | Reached ***** piety under Okawaru
 33896 | Lair:1   | 33896 ||| FLEEEEING.
 34084 | Lair:1   | 34084 ||| INVOKING Finesse.
 34105 | Lair:1   | Reached skill level 6 in Invocations
 34128 | Lair:1   | 34128 ||| FLEEEEING.
 34294 | Lair:1   | 34294 ||| DROPPING +2 leather armour of cold resistance.
 34295 | Lair:1   | 34295 ||| DROPPING ring of wizardry.
 34296 | Lair:1   | 34296 ||| READING 3 scrolls of identify.
 34296 | Lair:1   | 34296 ||| IDENTIFYING scroll labelled MELOIL KAOF
 34297 | Lair:1   | 34297 ||| DROPPING scroll of vulnerability.
 34327 | Lair:2   | 34327 ||| INVOKING Finesse.
 34484 | Lair:2   | Noticed a four-headed hydra
 34488 | Lair:2   | 34488 ||| RETREEEEATING.
 34495 | Lair:2   | 34495 ||| RETREEEEATING.
 34496 | Lair:2   | 34496 ||| RETREEEEATING.
 34499 | Lair:2   | 34499 ||| RETREEEEATING.
 34512 | Lair:2   | 34512 ||| INVOKING Finesse.
 34514 | Lair:2   | Reached skill level 14 in Ranged Weapons
 34524 | Lair:2   | Reached XP level 12. HP: 61/76 MP: 11/17
 34530 | Lair:2   | Killed a four-headed hydra
 34602 | Lair:2   | 34602 ||| FLEEEEING.
 34612 | Lair:2   | 34612 ||| STAIRDANCE
 34829 | Lair:2   | Identified the +7 quarterstaff of the Muttering Penguin
                  | {flame, MP+9}
 34853 | Lair:2   | You fall into a shaft and drop 1 floor!
 34903 | Lair:3   | Found a hole to the Spider Nest.
 34912 | Lair:3   | 34912 ||| READING 2 scrolls of identify.
 34912 | Lair:3   | 34912 ||| IDENTIFYING 2 bubbling brown potions
 34944 | Lair:3   | 34944 ||| INVOKING Finesse.
 34958 | Lair:3   | Noticed an eight-headed hydra
 34959 | Lair:3   | Reached skill level 9 in Invocations
 34967 | Lair:3   | Killed an eight-headed hydra
 34967 | Lair:3   | Received a gift from Okawaru
 35044 | Lair:2   | 35044 ||| FLEEEEING.
 35045 | Lair:2   | 35045 ||| FLEEEEING.
 35094 | Lair:2   | 35094 ||| RETREEEEATING.
 35095 | Lair:2   | 35095 ||| RETREEEEATING.
 35096 | Lair:2   | 35096 ||| RETREEEEATING.
 35097 | Lair:2   | 35097 ||| RETREEEEATING.
 35098 | Lair:2   | 35098 ||| RETREEEEATING.
 35099 | Lair:2   | 35099 ||| RETREEEEATING.
 35100 | Lair:2   | 35100 ||| RETREEEEATING.
 35101 | Lair:2   | 35101 ||| RETREEEEATING.
 35295 | Lair:2   | Found a burning altar of Makhleb.
 35328 | Lair:2   | 35328 ||| SWAPPING to +0 orcbow.
 35329 | Lair:2   | 35329 ||| DROPPING +2 shortbow of freezing.
 35599 | Lair:3   | 35599 ||| RETREEEEATING.
 35600 | Lair:3   | 35600 ||| RETREEEEATING.
 35601 | Lair:3   | 35601 ||| RETREEEEATING.
 35602 | Lair:3   | 35602 ||| RETREEEEATING.
 35603 | Lair:3   | 35603 ||| RETREEEEATING.
 35605 | Lair:3   | 35605 ||| RETREEEEATING.
 35660 | Lair:3   | 35660 ||| FLEEEEING.
 35666 | Lair:3   | 35666 ||| STAIRDANCE
 35905 | Lair:3   | 35905 ||| RETREEEEATING.
 35906 | Lair:3   | 35906 ||| RETREEEEATING.
 35940 | Lair:3   | Received a gift from Okawaru
 35945 | Lair:3   | 35945 ||| FLEEEEING.
 35955 | Lair:3   | 35955 ||| STAIRDANCE
 36086 | Lair:3   | 36086 ||| FLEEEEING.
 36092 | Lair:3   | 36092 ||| STAIRDANCE
 36196 | Lair:3   | Noticed a four-headed hydra
 36197 | Lair:3   | 36197 ||| INVOKING Finesse.
 36208 | Lair:3   | Killed a four-headed hydra
 36600 | Lair:3   | Noticed a four-headed hydra
 36601 | Lair:3   | 36601 ||| INVOKING Finesse.
 36614 | Lair:3   | Killed a four-headed hydra
 36635 | Lair:3   | Reached skill level 15 in Ranged Weapons
 36687 | Lair:3   | Found a staircase to the Swamp.
 36890 | Lair:3   | 36890 ||| FLEEEEING.
 37003 | Lair:3   | 37003 ||| DROPPING amulet of guardian spirit.
 37004 | Lair:3   | 37004 ||| READING 4 scrolls of identify.
 37004 | Lair:3   | 37004 ||| IDENTIFYING clear potion
 37005 | Lair:3   | 37005 ||| DROPPING potion of lignification.
 37043 | Lair:4   | Noticed a death yak
 37043 | Lair:4   | Noticed a death yak
 37043 | Lair:4   | Noticed a death yak
 37044 | Lair:4   | 37044 ||| RETREEEEATING.
 37045 | Lair:4   | 37045 ||| RETREEEEATING.
 37046 | Lair:4   | 37046 ||| RETREEEEATING.
 37047 | Lair:4   | 37047 ||| RETREEEEATING.
 37048 | Lair:4   | 37048 ||| RETREEEEATING.
 37049 | Lair:4   | 37049 ||| RETREEEEATING.
 37050 | Lair:4   | 37050 ||| INVOKING Finesse.
 37076 | Lair:4   | Killed a death yak
 37077 | Lair:4   | Reached XP level 13. HP: 39/84 MP: 15/20
 37099 | Lair:4   | HP: 13/84 [death yak (10)]
 37099 | Lair:4   | Mangled by a death yak

Levels and vault maps discovered:
D:1:      dpeg_arrival_refuge, layout_basic,
          hellmonk_ecumenical_altar_defaced_shrine
D:2:      layout_basic, chequers_serial_rivers_large_a, minmay_misc_feat_room,
          supply_closet_lemuel
D:3:      kennysheep_goblin_castle, layout_loops_ring, serial_shops,
          nicolae_shop_temple_entry_statues_fountains, kennysheep_another_room,
          st_stairs_4, lightli_corner_chamber
D:4:      layout_basic, kennysheep_mini_moat, nrook_uturn
D:5:      dreamdust_elfheim, layout_basic, uniq_blork_the_orc
D:6:      layout_cave_pools, temple_doors_ab, uniq_crazy_yiuf_cottage
D:7:      layout_cave_pools, nicolae_gozag_seed_capital,
          gammafunk_temple_overflow_pools, enter_bailey_2,
          nicolae_have_a_lightning_rod
D:8:      layout_basic, chequers_serial_rivers_micro_a
D:9:      layout_rooms, grunt_lair_entry_orc_guard_hut, david_orc_4,
          uniq_gastronok
Temple:   regret_index_temple_sphere_string
Lair:1:   layout_long_grid, basic_altar
Lair:2:   layout_chaotic_city, basic_altar, grunt_megastairs_2
Lair:3:   layout_misc_corridors, palyth_hydra_swamp_entry,
          nicolae_spider_entry_orb_guardian, nicolae_volcano_entry_s_turn
Lair:4:   layout_gridlike, basic_altar, uniq_urug

Skill      XL: |  1  2  3  4  5  6  7  8  9 10 11 12 |
---------------+-------------------------------------+-----
Ranged Weapons | 5 6 7 8 10 11 12 14 15 | 15.3
Fighting       | 3 4 5 6 9 10 | 10.8
Armour         | 1 2 4 5 |  5.0
Dodging        | 2 3 5 |  5.7
Invocations    | 4 7 10 | 10.0
Stealth        | |  1.1

Action                     |  1- 3 |  4- 6 |  7- 9 | 10-12 | 13-15 || total
---------------------------+-------+-------+-------+-------+-------++-------
   Fire: Shortbow          |   124 |   238 |   405 |   808 |       ||  1575
         Orcbow            |       |       |       |   271 |    23 ||   294
 Invoke: Heroism           |       |       |       |     2 |       ||     2
         Finesse           |       |       |       |     7 |       ||     7
    Use: Scroll            |     1 |    10 |    13 |     5 |       ||    29
         Potion            |       |       |     3 |     1 |       ||     4
 Armour: Leather armour    |    67 |    45 |       |   138 |       ||   250
         Ring mail         |       |    17 |   153 |   232 |    11 ||   413
  Dodge: Dodged            |    60 |   106 |   170 |   491 |     8 ||   835

Table legend:
 A = Non-vault XP
 B = Vault XP
 C = Vault XP percentage of total XP
 D = Non-vault monster count
 E = Vault monster count
 F = Vault count percentage of total count
                 A         B        C        D         E       F
            +---------+---------+-------+---------+---------+-------
      Total |   23786 |    8963 |  27.4 |     261 |      63 |  19.4
            +---------+---------+-------+---------+---------+-------
        D:1 |      42 |       0 |   0.0 |      20 |       0 |   0.0
        D:2 |      64 |       0 |   0.0 |      23 |       0 |   0.0
        D:3 |     155 |      54 |  25.8 |      23 |      22 |  48.9
        D:4 |     351 |       0 |   0.0 |      25 |       0 |   0.0
        D:5 |     813 |     321 |  28.3 |      15 |       3 |  16.7
        D:6 |     796 |       0 |   0.0 |      13 |       0 |   0.0
        D:7 |    1007 |     690 |  40.7 |      15 |       5 |  25.0
        D:8 |    1236 |       0 |   0.0 |      11 |       0 |   0.0
        D:9 |    2068 |    3814 |  64.8 |      44 |      21 |  32.3
     Lair:1 |    4100 |       0 |   0.0 |      22 |       0 |   0.0
     Lair:2 |    6779 |    1627 |  19.4 |      30 |       6 |  16.7
     Lair:3 |    5562 |    2457 |  30.6 |      19 |       6 |  24.0
     Lair:4 |     813 |       0 |   0.0 |       1 |       0 |   0.0
            +---------+---------+-------+---------+---------+-------
